 Dungeon Crawl Stone Soup version 0.26.0-10-g1f06aea511 (webtiles) character file.

Game seed: 6927843126177654746

687 Borgoz the Slasher (level 7, -16/59 HPs)
             Began as a Ghoul Gladiator on Jan 30, 2021.
             Was an Initiate of Ashenzari.
             Demolished by an ogre
             ... wielding a +0 giant club
              (21 damage)
             ... on level 4 of the Dungeon.
             The game lasted 00:04:21 (4888 turns).

Borgoz the Slasher (Ghoul Gladiator)                Turns: 4888, Time: 00:04:22

Health: -16/59     AC:  4    Str: 18    XL:     7   Next: 62%
Magic:  6/6        EV: 14    Int:  3    God:    Ashenzari [......]
Gold:   204        SH:  0    Dex: 12    Spells: 6/6 levels left

rFire    . . .     SeeInvis .   a - +0 long sword
rCold    + . .     Faith    .   (no shield)
rNeg     + + +     Spirit   .   b - +0 leather armour
rPois    ∞         Reflect  .   c - +0 helmet
rElec    .         Harm     .   (no cloak)
rCorr    .         Rampage  .   (no gloves)
Will     .....                  (no boots)
Stlth    +.........             (no amulet)
HPRegen  0.00/turn              (no ring)
MPRegen  0.10/turn              (no ring)

@: hasted, very quick
A: claws 1, cold resistance 1, negative energy resistance 3, inhibited
regeneration, torment resistance, unbreathing
a: Renounce Religion, Curse Item


You were on level 4 of the Dungeon.
You worshipped Ashenzari.
Ashenzari was noncommittal.
You visited 2 branches of the dungeon, and saw 5 of its levels.

You collected 204 gold pieces.

Inventory:

Hand Weapons
 a - a +0 long sword (weapon)
Armour
 b - a +0 leather armour (worn)
 c - a +0 helmet (worn)
Jewellery
 f - an uncursed ring of fire
Scrolls
 d - a scroll of teleportation {unknown}
 k - a scroll of random uselessness {unknown}
 o - 2 scrolls of enchant armour {unknown}
 q - 2 scrolls of remove curse
 r - a scroll of fog {unknown}
 t - a scroll of blinking {unknown}
Potions
 e - 2 potions of magic
 h - a potion of curing {unknown}
 i - 2 potions of attraction {unknown}
 j - 2 potions of flight {unknown}
 m - a potion of ambrosia {unknown}
 n - 2 potions of cancellation {unknown}


   Skills:
 + Level 4.1 Fighting
 * Level 5.0 Long Blades
 - Level 1.7 Throwing
 + Level 2.9 Armour
 * Level 4.9 Dodging


You had 6 spell levels left.
You didn't know any spells.
Your spell library was empty.

Dungeon Overview and Level Annotations

Branches:
Dungeon (4/15)             Temple (1/1) D:4

Altars:
Ashenzari
Cheibriados
Dithmenos
Elyvilon
Gozag
Hepliaklqana
Kikubaaqudgha
Makhleb
Nemelex Xobeh
Okawaru
Qazlal
Sif Muna
Trog
Uskayaw
Vehumet
Wu Jian
Xom
Zin
The Shining One

Annotations:
D:4 1 transporter, monkeyman's ghost, novice GrEE


Innate Abilities, Weirdness & Mutations

You thrive by killing the living.
You are immune to poison.
You have sharp fingernails.
Your flesh is cold resistant. (rC+)
You are immune to negative energy. (rN+++)
You do not regenerate when monsters are visible.
You are immune to unholy pain and torment.
You can survive without breathing.


Message History

The orc throws a poisoned dart.
The poisoned dart hits you!
You hit the ogre but do no damage. The ogre closely misses you.
You hit the ogre.
The ogre is lightly wounded.
The ogre hits you with a +0 giant club!!
You closely miss the ogre.
The ogre is lightly wounded.
The ogre closely misses you.
You barely miss the ogre.
The ogre is lightly wounded.
The ogre hits you with a +0 giant club!
You slash the ogre!
The ogre is heavily wounded.
You hit the ogre.
The ogre is severely wounded.
The ogre hits you with a +0 giant club!
* * * LOW HITPOINT WARNING * * *
You feel yourself speed up.
The ogre hits you with a +0 giant club!!
You die...

#.#
##≈≈≈##...##
#.# #.#
...##≈≈
##..#. #.#
#.#....h##≈
≈##.## #.#
#.#...?Oh#
≈≈### #.#
#.#..... ≈≈≈
#.# #h'. #.#


#oh ####.# #O# #....# #@# #.#### #.# #.######.# #......((# ########## You could
see an ogre, an orc and 2 jackals.

Vanquished Creatures
  A centaur (D:4)
  A phantom (D:4)
  3 ogres (D:4)
  A crimson imp (D:4)
  Terence (D:3)
  An iguana (D:4)
  Ijyb (D:3)
  A hound skeleton (D:4)
  4 gnolls
  3 adders
  A white imp (D:2)
  3 worms
  2 leopard geckos
  An orc (D:4)
  2 giant cockroaches
  6 goblins
  7 hobgoblins
  2 jackals (D:4)
  8 kobolds
  3 quokkas
  8 bats
  9 frilled lizards
  7 rats
76 creatures vanquished.

Notes
Turn   | Place    | Note
-------+----------+-------------------------------------------
     0 | D:1      | Borgoz the Ghoul Gladiator began the quest for the Orb.
     0 | D:1      | Reached XP level 1. HP: 17/17 MP: 0/0
   151 | D:1      | Reached XP level 2. HP: 23/24 MP: 1/1
   365 | D:1      | Reached skill level 1 in Armour
   719 | D:2      | Reached skill level 3 in Long Blades
   764 | D:2      | Reached XP level 3. HP: 30/30 MP: 2/2
  1578 | D:2      | Reached XP level 4. HP: 31/37 MP: 3/3
  1815 | D:2      | HP: 1/37 [gnoll/+0 halberd (8)]
  2275 | D:3      | Reached XP level 5. HP: 35/44 MP: 4/4
  2446 | D:3      | Noticed Ijyb
  2462 | D:3      | Killed Ijyb
  2596 | D:3      | Noticed Terence
  2606 | D:3      | Killed Terence
  3127 | D:4      | Found a hazy altar of Hepliaklqana.
  3152 | D:4      | Noticed an ogre
  3163 | D:4      | Killed an ogre
  3164 | D:4      | Reached skill level 4 in Long Blades
  3164 | D:4      | Reached XP level 6. HP: 6/51 MP: 5/5
  3461 | D:4      | Noticed a phantom
  3490 | D:4      | Killed a phantom
  3684 | D:4      | Found a staircase to the Ecumenical Temple.
  3716 | D:4      | Reached XP level 7. HP: 36/58 MP: 6/6
  3735 | Temple   | Entered the Ecumenical Temple
  4030 | Temple   | Became a worshipper of Ashenzari the Shackled
  4467 | D:4      | Noticed monkeyman's ghost (novice GrEE)
  4480 | D:4      | Found a transporter.
  4520 | D:4      | Found a burning altar of Makhleb.
  4521 | D:4      | Found a shimmering altar of Xom.
  4778 | D:4      | Reached skill level 5 in Long Blades
  4888 | D:4      | Demolished by an ogre

Illustrated notes

Levels and vault maps discovered:
D:1:      wander_arrival_lonely_grave, layout_basic
D:2:      layout_rooms, minmay_tetromino_o4
D:3:      layout_basic, amcnicky_mini_corridor_feature, uniq_ijyb, uniq_terence
D:4:      layout_basic, grunt_temple_overflow_champion_of_chaos,
          overflow_temple_1_default, minmay_temple_entry_large_hall,
          gammafunk_ghost_stat_death, kennysheep_opposing_triangles
Temple:   nicolae_temple_elliptical

Skill      XL: |  1  2  3  4  5  6  7 |
---------------+----------------------+-----
Armour         | 1 2 |  2.9
Long Blades    | 3 4 5 |  5.0
Dodging        | 3 4 |  4.9
Fighting       | 3 4 |  4.1
Throwing       | |  1.7

Action                   |  1- 3 |  4- 6 |  7- 9 || total
-------------------------+-------+-------+-------++-------
Melee: Long sword        |   114 |   152 |    71 ||   337
Throw: Throwing net      |       |     5 |       ||     5
  Use: Scroll            |     1 |     4 |       ||     5
       Potion            |       |     2 |     3 ||     5
 Stab: Held in net/web   |       |     3 |       ||     3
Armor: Leather armour    |    52 |    32 |     7 ||    91
Dodge: Dodged            |   100 |   107 |    59 ||   266
       Rpst.: Long sword |    41 |    26 |    19 ||    86
